 Dungeon Crawl Stone Soup version 0.26-a0-27-g1f0226971c (webtiles) character file.

Game seed: 2793413322887868954, levelgen mode: deterministic

560 Esekla the Slasher (level 7, -5/45 HPs)
             Began as an Octopode Warper on May 27, 2020.
             Slain by a centaur (9 damage)
             ... on level 6 of the Dungeon.
             The game lasted 00:30:42 (5138 turns).

Esekla the Slasher (Octopode Warper)                Turns: 5138, Time: 00:30:42

Health: -5/45      AC:  1    Str: 11    XL:     7   Next: 31%
Magic:  8/10       EV: 14    Int: 16    God:
Gold:   71         SH:  0    Dex: 12    Spells: 6/10 levels left

rFire    . . .     SeeInvis .   i - +1 dagger (venom)
rCold    + . .     Gourm    .   (no shield)
rNeg     . . .     Faith    .   (helmet restricted)
rPois    .         Spirit   .   (no amulet)
rElec    .         Reflect  .   g - ring of flight
rCorr    .         Harm     .   r - ring of protection from cold
MR       .....                  (no ring)
Stlth    +++.......             (no ring)
HPRegen  0.15/turn              (no ring)
MPRegen  0.12/turn              (no ring)
                                (no ring)
                                (no ring)

@: no status effects
A: almost no armour, stealthy swim, amphibious, 8 rings, constrict 8, camouflage
1, gelatinous body 1
a: Evoke Flight


You were on level 6 of the Dungeon.
You were hungry.

You visited 1 branch of the dungeon, and saw 6 of its levels.
You also visited: Sewer.

You collected 166 gold pieces.
You spent 95 gold pieces at shops.

Inventory:

Hand Weapons
 a - a +0 falchion
 i - a +1 dagger of venom (weapon)
Missiles
 b - 11 boomerangs (quivered)
 d - 5 boomerangs of dispersal
 v - 2 poisoned darts
Jewellery
 g - a ring of flight (left tentacle)
 r - a ring of protection from cold (right tentacle)
Wands
 m - a wand of random effects (19)
Scrolls
 c - 3 scrolls of blinking
 k - a scroll of enchant weapon
 n - 3 scrolls of teleportation {unknown}
 p - a scroll of fog {unknown}
 s - a scroll of noise {unknown}
 t - 3 scrolls of magic mapping
 w - a scroll of enchant armour
 y - a scroll of identify
Potions
 e - 3 potions of magic
 h - 4 potions of flight
 j - a potion of haste
 l - a potion of ambrosia
 o - a potion of degeneration {unknown}
 q - 3 potions of curing
 u - a potion of heal wounds {unknown}
 x - a potion of resistance {unknown}
Comestibles
 f - 6 rations


   Skills:
 + Level 2.3 Fighting
 + Level 1.0(3.1) Short Blades
 * Level 4.6(4.7) Long Blades
 - Level 1.0 Throwing
 * Level 3.8 Dodging
 + Level 3.6 Stealth
 + Level 2.4 Spellcasting
 * Level 2.2 Charms
 + Level 4.1 Translocations


You had 6 spell levels left.
You knew the following spells:

 Your Spells              Type           Power        Failure   Level  Hunger
a - Shroud of Golubria    Chrm/Tloc      ##....       9%          2    ###....
b - Blink                 Tloc           N/A          5%          2    ###....

Your spell library contained the following spells:

 Spells                   Type           Power        Failure   Level  Hunger
 Gell's Gravitas          Tloc           ###.......   11%         3    ###....
 Lesser Beckoning         Tloc           ###.......   11%         3    ###....
 Teleport Other           Tloc           ###.....     11%         3    ###....
 Passage of Golubria      Tloc           N/A          34%         4    #####..


Dungeon Overview and Level Annotations

Branches:
Dungeon (5/15)              Sewer (visited)
 Temple: D:4-7

Altars:
Ashenzari
Sif Muna
Wu Jian

Shops:
D:4 *   D:5 :


Innate Abilities, Weirdness & Mutations

You cannot wear most types of armour.
You are very stealthy in the water. (Stealth+)
You are amphibious.
You can wear up to eight rings at the same time.
You can use your tentacles to constrict eight enemies at once.
Your skin changes colour to match your surroundings (Stealth+).
Your rubbery body absorbs attacks. (AC +1, EV +1)


Message History

The centaur zaps a wand.
The puff of flame misses you.
The centaur zaps a wand.
The puff of flame misses you.
The centaur zaps a wand.
The puff of flame hits you!
You see here a chain mail.
The centaur zaps a wand.
The puff of flame hits you!
* * * LOW HITPOINT WARNING * * *
The centaur closely misses you.
You hit the centaur.
The centaur is poisoned.
The centaur is lightly wounded.
The centaur hits you!
* * * LOW HITPOINT WARNING * * *
Casting: Shroud of Golubria (safe; 9% risk of failure)
Confirm with . or Enter, or press ? or * to list all spells.
Space distorts slightly along a thin shroud covering your body.
The centaur zaps a wand.
The puff of flame misses you.
The centaur hits you but does no damage.
You barely miss the centaur. You squeeze the centaur.
The centaur is moderately wounded.
The centaur hits you!
You die...

#. #.# ####.##.# ..#........#
.#........# ..........#
#.........#
######.........#######
#............c@.[....# ####
#.............######.#####....
#.............# #.......#
#.......###.### ##......#
#.....#.# #. #......# #
#.....#.### # #......#.#
#.....#..# .# #.†....#.#
###........##.## #..†.....#
...............# #......###


You could see a centaur (very poisoned).

Vanquished Creatures
  A bullfrog (D:6)
  A howler monkey (D:6)
  2 hounds
  2 orc wizards (D:3)
  An iguana (D:4)
  2 worker ants (D:4)
  11 adders
  4 river rats (Sewer)
  3 oozes
  6 worms
  A dart slug (D:5)
  5 leopard geckos
  13 orcs
  7 ball pythons
  7 bats
  4 giant cockroaches
  4 goblins
  5 hobgoblins
  2 jackals (D:1)
  18 kobolds
  3 quokkas
  4 frilled lizards
  5 rats (D:2)
  A bush (D:2)
112 creatures vanquished.

Vanquished Creatures (others)
  A scorpion (D:4)
  A wight (D:4)
2 creatures vanquished.

Grand Total: 114 creatures vanquished

Notes
Turn   | Place    | Note
-------+----------+-------------------------------------------
     0 | D:1      | Esekla the Octopode Warper began the quest for the Orb.
     0 | D:1      | Reached XP level 1. HP: 14/14 MP: 3/3
   274 | D:1      | Reached XP level 2. HP: 19/19 MP: 5/5
   278 | D:1      | Learned a level 2 spell: Shroud of Golubria
   281 | D:1      | Learned a level 2 spell: Blink
   689 | D:1      | Reached XP level 3. HP: 23/24 MP: 4/6
  1104 | D:2      | Found a shattered altar of Ashenzari.
  1104 | D:2      | Found an ornate altar of the Wu Jian Council.
  1104 | D:2      | Found a shimmering blue altar of Sif Muna.
  1154 | D:2      | Reached XP level 4. HP: 19/29 MP: 4/7
  2397 | D:3      | Reached skill level 1 in Charms
  2569 | D:3      | Reached skill level 1 in Stealth
  2569 | D:3      | Reached XP level 5. HP: 24/34 MP: 8/8
  3508 | D:4      | Found Siuwkaej's General Store.
  3760 | D:4      | Reached XP level 6. HP: 34/39 MP: 6/9
  3996 | D:4      | Found a glowing drain.
  4006 | Sewer    | Entered a sewer
  4936 | D:4      | Bought a scroll of identify for 20 gold pieces
  4936 | D:4      | Bought a scroll of enchant armour for 75 gold pieces
  4950 | D:5      | Entered Level 5 of the Dungeon
  4964 | D:5      | Found Oxydicvu's Book Boutique.
  4971 | D:5      | You fall into a shaft and drop 1 floor!
  5040 | D:6      | Reached XP level 7. HP: 31/45 MP: 10/10
  5122 | D:6      | Reached skill level 1 in Short Blades
  5138 | D:6      | Slain by a centaur

Illustrated notes

Levels and vault maps discovered:
D:1:      psy_arrival_dodecagon, layout_rooms
D:2:      layout_basic, gammafunk_temple_overflow_forgotten
D:3:      layout_basic, first_ration
D:4:      layout_basic, serial_shops, kennysheep_mini_moat,
          portal_sewer_entry_d, lemuel_flame_loot_1
D:5:      layout_cave_pools, lemuel_crystal_altar, nicolae_ossuary_entry_plus,
          serial_shops, shop_coins, shop_fountains, shop, nicolae_shop_stone,
          tso_metal_star
D:6:      layout_basic, gammafunk_temple_overflow_statue,
          minmay_temple_entry_antechambers, grunt_decor_one_mirror

Skill      XL: |  1  2  3  4  5  6  7 |
---------------+----------------------+-----
Long Blades    | 3 4 |  4.6
Charms         | 1 2 |  2.2
Stealth        | 1 2 3 |  3.6
Dodging        | 3 |  3.8
Translocations | 4 |  4.1
Short Blades   | 1 |  1.0
Fighting       | |  2.3
Throwing       | |  1.0
Spellcasting   | |  2.4

Action                   |  1- 3 |  4- 6 |  7- 9 || total
-------------------------+-------+-------+-------++-------
Melee: Falchion          |    60 |   200 |       ||   260
       Tentacles         |     6 |    61 |     2 ||    69
       Constrict         |    11 |    45 |     2 ||    58
       Dagger            |       |    69 |     9 ||    78
Throw: Boomerang         |       |     5 |       ||     5
 Cast: Shroud of Golubri |     4 |    21 |     1 ||    26
       Blink             |       |     2 |       ||     2
  Use: Scroll            |       |     8 |       ||     8
       Potion            |       |     1 |       ||     1
 Stab: Sleeping          |     6 |    13 |     1 ||    20
  Eat: Chunk             |       |    15 |       ||    15
Armor: Skin              |     7 |     4 |     2 ||    13
Dodge: Dodged            |    36 |    89 |     9 ||   134
       Rpst.: Falchion   |     7 |    16 |       ||    23

Table legend:
 A = Non-vault XP
 B = Vault XP
 C = Vault XP percentage of total XP
 D = Non-vault monster count
 E = Vault monster count
 F = Vault count percentage of total count
                 A         B        C        D         E       F
            +---------+---------+-------+---------+---------+-------
      Total |     686 |     115 |  14.4 |      89 |      22 |  19.8
            +---------+---------+-------+---------+---------+-------
        D:1 |      37 |       0 |   0.0 |      16 |       0 |   0.0
        D:2 |     101 |       0 |   0.0 |      28 |       0 |   0.0
        D:3 |     155 |       0 |   0.0 |      26 |       0 |   0.0
        D:4 |     175 |      13 |   6.9 |      10 |       1 |   9.1
        D:5 |       4 |       0 |   0.0 |       1 |       0 |   0.0
        D:6 |     214 |       0 |   0.0 |       8 |       0 |   0.0
      Sewer |       0 |     102 | 100.0 |       0 |      21 | 100.0
            +---------+---------+-------+---------+---------+-------
